AoeStats
← King Castilla

Arena

508898460Analyzed
2v2 RM · 9d ago on Sep 24, 2026· 35m 46s· 4 players
Game mode
Random Map
Map size
Medium (4 player)
Population
200
Speed
Normal
Resources
Standard
Victory
Conquest
Starting age
Dark Age
Ending age
Imperial Age
RankedLock teamsTeams togetherTeam positionsShared explorationLock speedFull tech treeHidden civsTurbo modeCheats
Victory
Defeat
🇪🇸 Teutons · Spain
1102
+17
1069
+18
🇹🇼 Byzantines · Taiwan
1157
-19
🇫🇮 Britons · Finland
1084
-16
waatwat
8:57 Feudal Age
15:02 Castle Age
15:50 Double-Bit Axe
Jason
4:30 Loom
11:41 Feudal Age
15:35 Castle Age
16:23 Husbandry
16:32 Scale Barding Armor
19:29 Chain Barding Armor
27:22 Forging
33:57 Iron Casting
33:15 Double-Bit Axe
King Castilla
7:00 Loom
9:37 Feudal Age
10:12 Double-Bit Axe
25:02 Castle Age
24:25 Bloodlines
24:52 Forging
24:47 Scale Barding Armor
33:37 Wheelbarrow
33:26 Scale Barding Armor
TengoLaMejorNoviaDelMundo
10:18 Feudal Age
10:29 Loom
14:28 Castle Age
19:07 Double-Bit Axe
23:54 Squires
25:45 Horse Collar
26:43 Pikeman
33:08 Imperial Age
32:13 Chemistry
32:23 Scale Mail Armor
33:11 Heavy Plow
34:27 Conscription
34:34 Bow Saw
Connection lost

Rejoining the realm…

Still unreachable

The connection could not be restored.

Session expired

The server has moved on; the page needs a fresh start.